 Dungeon Crawl Stone Soup version 0.19.0-2-gae57169 (webtiles) character file.

3151 varam the Blocker (level 9, -1/51 HPs)
             Began as a Gargoyle Fighter on Nov 3, 2016.
             Was a Follower of Okawaru.
             Slain by a wyvern (12 damage)
             ... on level 8 of the Dungeon.
             The game lasted 00:12:36 (6525 turns).

varam the Blocker (Gargoyle Fighter)                Turns: 6525, Time: 00:12:37

Health: -1/51      AC: 15    Str: 20    XL:     9   Next: 93%
Magic:  9/9        EV:  7    Int:  9    God:    Okawaru [*.....]
Gold:   263        SH: 22    Dex: 15    Spells: 1 memorised, 6 levels left

rFire  . . .     SeeInvis .     a - +0 flail
rCold  . . .     Gourm    .     v - +0 ring mail {MR+}
rNeg   + + .     Faith    .     C - +4 large shield "Forget-Me-Not" {*Contam rN+ Stlth+}
rPois  ∞         Spirit   .     E - +0 helmet
rElec  +         Reflect  .     (no cloak)
rCorr  .         Harm     .     o - +0 pair of gloves
MR     +....                    (no boots)
Stlth  ++........               (no amulet)
                                G - +3 ring of dexterity
                                m - +2 ring of protection

@: no status effects
A: negative energy resistance 1, electricity resistance, unbreathing,
petrification resistance, rot immunity, AC +5
a: Heroism, Renounce Religion


You were on level 8 of the Dungeon.
You worshipped Okawaru.
Okawaru was aware of your devotion.
You were near starving.

You visited 2 branches of the dungeon, and saw 9 of its levels.

You collected 263 gold pieces.

Inventory:

Hand Weapons
 a - a +0 flail (weapon)
 d - a +4 flail of holy wrath
 t - a +2 mace of protection
Missiles
 y - 8 tomahawks (quivered)
Armour
 b - a +0 scale mail
 c - a +0 shield
 o - a +0 pair of gloves (worn)
 v - a +0 ring mail of magic resistance (worn)
 C - the +4 large shield "Forget-Me-Not" (worn) {*Contam rN+ Stlth+}
   (You found it on level 5 of the Dungeon)

   It protects you from negative energy.
   It causes magical contamination when unequipped.
   It makes you more stealthy.
 E - a +0 helmet (worn)
Jewellery
 m - a +2 ring of protection (left hand)
 D - an uncursed ring of wizardry
 G - a +3 ring of dexterity (right hand)
Wands
 g - a wand of lightning (0/15)
Scrolls
 e - a scroll of teleportation {unknown}
 h - 6 scrolls of identify
 j - 3 scrolls of fear
 k - a scroll of enchant weapon
 p - a scroll of magic mapping {unknown}
 q - 2 scrolls of enchant armour {unknown}
 r - 2 scrolls of fog {unknown}
 s - 3 scrolls of blinking
 u - 2 scrolls of random uselessness {unknown}
 w - 3 scrolls of remove curse {unknown}
 F - a scroll of recharging {unknown}
 J - a scroll of silence {unknown}
Potions
 l - 3 potions of curing
 n - a potion of cure mutation {unknown}
 x - a potion of heal wounds {unknown}
 A - 2 potions of ambrosia
 H - a potion of haste {unknown}
 I - a potion of agility {unknown}
Books
 B - a book of Minor Magic

   Spells                             Type                      Level
   a - Magic Dart                     Conjuration                  1
   b - Blink                          Translocation                2
   c - Call Imp                       Summoning                    2
   d - Repel Missiles                 Charms/Air                   2
   e - Slow                           Hexes                        2
   f - Conjure Flame                  Conjuration/Fire             3
   g - Mephitic Cloud                 Conjuration/Poison/Air       3
Comestibles
 f - 2 bread rations
 i - 9 fruits
 z - 2 meat rations


   Skills:
 - Level 3.2 Fighting
 * Level 9.8 Maces & Flails
 - Level 3.2 Armour
 - Level 10.9 Shields


You had 6 spell levels left.
You knew the following spells:

 Your Spells              Type           Power        Failure   Level  Hunger
a - Blink                 Tloc           N/A          100%        2    ###....


Dungeon Overview and Level Annotations

Branches:
Dungeon (8/15)             Temple (1/1) D:6
   Lair: D:8-11

Altars:
Ashenzari
Cheibriados
Fedhas
Gozag
Hepliaklqana
Makhleb
Nemelex Xobeh
Okawaru
Qazlal
Ru
Sif Muna
Trog
Uskayaw
Vehumet
Xom
Yredelemnul
Zin
The Shining One

Shops:
D:5 (

Annotations:
D:6 Dowan, Duvessa
D:7 1 runed door


Innate Abilities, Weirdness & Mutations

You are resistant to torment.
Your stone body is resilient. (AC +5)
You are immune to poison.
You resist negative energy. (rN+)
You are resistant to electric shocks. (rElec)
You can survive without breathing.
You are immune to petrification.
You are immune to rotting.


Message History

You block the wyvern's attack.
The wyvern bites you but does no damage.
You barely miss the wyvern.
The wyvern is almost dead.
You block the wyvern's attack.
You barely miss the wyvern.
The wyvern is almost dead.
You block the wyvern's attack. x2
You hit the wyvern but do no damage.
The wyvern is almost dead.
The wyvern closely misses you.
You hit the wyvern but do no damage.
The wyvern is almost dead.
The wyvern bites you!
* * * LOW HITPOINT WARNING * * *
You block the wyvern's attack.
You closely miss the wyvern.
The wyvern is almost dead.
The wyvern bites you!
You die...

##..## #. ..... #.
##...#.##. #.........
# #...####. .#
#..#####. ###.#
#....[... #..#
##.###### #@# ##'## #
#l# # ##...##
#.###.###.###.....##
#.........##.......##
####...####.........##
#.......'.........'.
##...####.........##
##.## ##.......## #.#
##.....##


You could see a wyvern.

Vanquished Creatures
  The ghost of Ijustatesigmund the Slicer, a journeyman HaFi of Cheibriados (D:8)
  Grinder (D:6)
  Edmund (D:5)
  2 sky beasts
  An ice beast (D:6)
  2 necrophages
  2 centaurs (D:7)
  2 ogres
  Blork the orc (D:7)
  3 bullfrogs
  A gnoll sergeant (D:6)
  A scorpion (D:6)
  5 crimson imps
  4 hounds
  2 jellies
  An orc priest (D:3)
  3 orc wizards (D:6)
  2 bullfrog skeletons
  4 iguanas
  2 worker ants
  A hound zombie (D:5)
  6 gnolls
  10 adders
  2 oozes (D:2)
  An adder zombie (D:6)
  2 adder skeletons
  3 worms
  7 dart slugs
  A leopard gecko (D:6)
  16 orcs
  7 bats
  7 giant cockroaches
  3 hobgoblins
  16 jackals
  6 kobolds
  7 quokkas
  2 ball pythons (D:3)
  3 frilled lizards
  8 goblins
  A jackal zombie (D:8)
  A quokka zombie (D:5)
  5 rats
156 creatures vanquished.

Notes
Turn   | Place    | Note
-------+----------+-------------------------------------------
     0 | D:1      | varam the Gargoyle Fighter began the quest for the Orb.
     0 | D:1      | Reached XP level 1. HP: 14/14 MP: 1/1
    81 | D:1      | Reached XP level 2. HP: 15/19 MP: 2/2
   260 | D:1      | Reached skill level 4 in Shields
   293 | D:1      | Reached XP level 3. HP: 14/23 MP: 3/3
   797 | D:2      | Reached XP level 4. HP: 28/28 MP: 4/4
   828 | D:2      | Reached skill level 3 in Maces & Flails
  1260 | D:2      | Reached skill level 5 in Shields
  1874 | D:3      | Reached XP level 5. HP: 32/32 MP: 5/5
  2039 | D:3      | Found a shattered altar of Ashenzari.
  2286 | D:3      | Noticed an ogre
  2296 | D:3      | Killed an ogre
  2296 | D:3      | Reached skill level 6 in Shields
  2296 | D:3      | Reached XP level 6. HP: 31/37 MP: 6/6
  2511 | D:4      | You fall through a shaft!
  2511 | D:5      | Entered Level 5 of the Dungeon
  2528 | D:5      | Reached skill level 4 in Maces & Flails
  2622 | D:5      | Got an ichor-stained large shield
  2637 | D:5      | Identified the +4 large shield "Forget-Me-Not" {*Contam rN+ Stlth+} (You found it on level 5 of the Dungeon)
  2730 | D:5      | Found Puda's Weapon Shop.
  2741 | D:5      | Found a basalt altar of Yredelemnul.
  2780 | D:5      | Found an opulent altar of Gozag.
  2780 | D:5      | Found a sparkling altar of Nemelex Xobeh.
  3012 | D:5      | Reached skill level 7 in Shields
  3117 | D:5      | Reached XP level 7. HP: 41/41 MP: 7/7
  3743 | D:6      | Noticed Duvessa
  3761 | D:6      | Reached skill level 8 in Shields
  3779 | D:6      | Noticed Dowan
  3846 | D:6      | Reached skill level 5 in Maces & Flails
  4038 | D:6      | Noticed Grinder
  4042 | D:6      | Noticed Edmund
  4156 | D:6      | Reached XP level 8. HP: 30/46 MP: 8/8
  4396 | D:5      | Killed Edmund
  4396 | D:5      | Reached skill level 9 in Shields
  4437 | D:6      | Found a staircase to the Ecumenical Temple.
  4447 | Temple   | Entered the Ecumenical Temple
  4656 | Temple   | Became a worshipper of Warmaster Okawaru
  4757 | D:6      | Reached skill level 6 in Maces & Flails
  4769 | D:6      | Found a sacrificial altar of Ru.
  4813 | D:6      | Killed Grinder
  4844 | D:6      | Reached skill level 7 in Maces & Flails
  4911 | D:6      | You fall through a shaft for 2 floors!
  4990 | D:7      | Reached XP level 9. HP: 17/51 MP: 9/9
  5201 | D:7      | Reached skill level 10 in Shields
  5216 | D:7      | Reached * piety under Okawaru
  5249 | D:7      | Reached skill level 8 in Maces & Flails
  5375 | D:7      | Found a runed door.
  5522 | D:7      | Learned a level 2 spell: Blink
  5563 | D:7      | Noticed Blork the orc
  5571 | D:7      | Killed Blork the orc
  5575 | D:7      | Found a deep blue altar of Sif Muna.
  5731 | D:8      | Found a hide-covered altar of Uskayaw.
  5736 | D:8      | Noticed Ijustatesigmund's ghost (journeyman HaFi)
  5843 | D:8      | Killed Ijustatesigmund's ghost
  5843 | D:8      | Reached skill level 9 in Maces & Flails
  6525 | D:8      | Slain by a wyvern

Skill      XL: |  1  2  3  4  5  6  7  8  9 |
---------------+----------------------------+-----
Shields        | 4 5 6 7 8 9 10 | 10.9
Maces & Flails | 3 4 5 7 9 |  9.8
Fighting       | |  3.2
Armour         | |  3.2

Action                   |  1- 3 |  4- 6 |  7- 9 || total
-------------------------+-------+-------+-------++-------
Melee: Flail             |   131 |    83 |    99 ||   313
       Mace              |       |   157 |   390 ||   547
Invok: Heroism           |       |       |     4 ||     4
Evoke: Wand              |       |       |     4 ||     4
  Use: Scroll            |       |     5 |       ||     5
       Potion            |       |       |     1 ||     1
 Stab: Sleeping          |       |       |     2 ||     2
       Distracted        |       |       |     1 ||     1
  Eat: Chunk             |       |     8 |    10 ||    18
Armor: Scale mail        |    67 |    59 |       ||   126
       Ring mail         |       |    49 |   124 ||   173
Dodge: Dodged            |    50 |    66 |    47 ||   163
Block: Shield            |    86 |   113 |       ||   199
       Large shield      |       |    44 |   460 ||   504
